 Dungeon Crawl Stone Soup version 0.27-a0-911-gfacc31910f (webtiles) character file.

Game seed: 16024076441063124456

16 DarkShadow the Skirmisher (level 2, -4/24 HPs)
             Began as a Demonspawn Fighter on Apr 9, 2021.
             Killed from afar by a white imp (8 damage)
             ... with a puff of frost
             ... summoned by Natasha
             ... on level 2 of the Dungeon.
             The game lasted 00:02:07 (1015 turns).

DarkShadow the Skirmisher (Demonspawn Fighter)      Turns: 1015, Time: 00:02:09

Health: -4/24      AC:  6    Str: 16    XL:     2   Next: 41%
Magic:  2/2        EV:  6    Int:  9    God:
Gold:   38         SH:  8    Dex: 12    Spells: 1/1 levels left

rFire    . . .     SeeInvis .   a - +0 war axe
rCold    . . .     Faith    .   c - +0 kite shield
rNeg     . . .     Spirit   .   b - +0 scale mail
rPois    .         Reflect  .   (no helmet)
rElec    .         Harm     .   (no cloak)
rCorr    .         Rampage  .   (no gloves)
Will     .....                  (no boots)
Stlth    ..........             (no amulet)
HPRegen  0.08/turn              (no ring)
MPRegen  0.08/turn              (no ring)

@: no status effects
A: demonic guardian 1
a: no special abilities


You were on level 2 of the Dungeon.
You visited 1 branch of the dungeon, and saw 2 of its levels.

You collected 38 gold pieces.

Inventory:

Hand Weapons
 a - a +0 war axe (weapon)
Armour
 b - a +0 scale mail (worn)
 c - a +0 kite shield (worn)
Potions
 d - 2 potions of might
 e - a potion of mutation {unknown}


   Skills:
 + Level 3.1 Fighting
 + Level 2.0 Axes
 + Level 3.0 Armour
 + Level 2.9 Shields


You had one spell level left.
You didn't know any spells.
Your spell library was empty.

Dungeon Overview and Level Annotations

Branches:
Dungeon (2/15)

Altars:

Annotations:
D:2 Natasha


Innate Abilities, Weirdness & Mutations

A weak demonic guardian rushes to your aid.


Message History

Your scale mail prevents you from hitting the kobold.
You block the kobold's attack.
You closely miss the kobold. The kobold barely misses you.
The kobold hits you but does no damage.
You closely miss the kobold. You block the kobold's attack. x2
You closely miss the kobold.
The kobold hits you with a +0 short sword.
You hit the kobold.
You kill the kobold!
Your Axes skill increases to level 2!
You see here a +0 short sword.
Found a scroll labelled VONAKUNIRE.
HP restored.
A rat comes into view.
Natasha, Servant of Life and Death comes into view.
The rat bites you but does no damage.
You slash the rat!
You kill the rat!
Natasha claws you but does no damage. Natasha claws you.
You barely miss Natasha.
Natasha extends her claws.
Natasha casts a spell at you. The magic dart hits you.
You block Natasha's attack.
You hit Natasha but do no damage.
Natasha mumbles some strange words.
You block Natasha's attack.
You closely miss Natasha. You hit the white imp but do no damage.
You block Natasha's attack. The white imp gestures at you.
The puff of frost hits you!
* * * LOW HITPOINT WARNING * * *
A demonic guardian appears!
You hit Natasha.
Natasha is moderately wounded.
You closely miss the white imp. Natasha claws you but does no damage.
The white imp barely misses you. Natasha claws you but does no damage.
The white imp gestures at you. The puff of frost hits you!
You die...

#.....#..#
#.....#..######
##.............#
...##...?.....#
#####............#
...........>.....#
####....h........#
.......5@........#
####....5........#
##...##.....#.#
#..........#.#
#....#...)##.#
##.#.#....##.#######
..#.#.............#
### .#.#####.#####.#
#. #.....#


You could see Natasha, a white imp (summoned, ally target) and a friendly iron
imp (summoned).

Vanquished Creatures
  An endoplasm (D:2)
  A giant cockroach (D:1)
  A goblin (D:1)
  2 hobgoblins (D:1)
  3 kobolds
  3 ball pythons (D:1)
  A bat (D:1)
  3 rats
15 creatures vanquished.

Notes
Turn   | Place    | Note
-------+----------+-------------------------------------------
     0 | D:1      | DarkShadow the Demonspawn Fighter began the quest for the
                  | Orb.
     0 | D:1      | Reached XP level 1. HP: 18/18 MP: 1/1
   354 | D:1      | Gained mutation: A weak demonic guardian rushes to your
                  | aid. [demonic ancestry]
   354 | D:1      | Reached XP level 2. HP: 11/24 MP: 2/2
  1006 | D:2      | Noticed Natasha
  1015 | D:2      | Killed from afar by a white imp

Illustrated notes

Levels and vault maps discovered:
D:1:      scummos_arrival_star, layout_loops_ring
D:2:      layout_basic, hellmonk_ecumenical_altar_run_dry, uniq_natasha

Skill      XL: |  1  2 |
---------------+-------+-----
Armour         | 3 |  3.0
Axes           | 2 |  2.0
Fighting       | |  3.1
Shields        | |  2.9

Action                   || total
-------------------------++-------
Melee: War axe           ||    47
Armor: Scale mail        ||    18
Dodge: Dodged            ||     9
Block: Kite shield       ||    26

Table legend: (Time is in decaauts)
 A = Elapsed time spent in this place.
 B = Non-inter-level travel time spent in this place.
 C = Inter-level travel time spent in this place.
 D = Time resting spent in this place.
 E = Time spent auto-exploring this place.
 F = Levels seen in this place.
 G = Mean time per level.
                   A        B        C        D        E       F      G
               +--------+--------+--------+--------+--------+-----+--------+
         Total |   1045 |   1045 |      0 |    248 |    624 |   2 |  522.5 |
       Dungeon |   1045 |   1045 |      0 |    248 |    624 |   2 |  522.5 |
               +--------+--------+--------+--------+--------+-----+--------+

Top non-repeatable levels by time:
     D:1: 948 daAuts
     D:2: 96 daAuts
